 Dungeon Crawl Stone Soup version 0.27.1 (webtiles) character file.

Game seed: 13804157883569107639

46 ZARRMARR the Conjurer (level 3, -9/34 HPs)
             Began as an Octopode Conjurer on Sept 4, 2021.
             Killed by divine providence
             ... invoked by an orc priest
              (13 damage)
             ... on level 3 of the Dungeon.
             The game lasted 00:04:15 (1533 turns).

ZARRMARR the Conjurer (Octopode Conjurer)           Turns: 1533, Time: 00:04:18

Health: -9/34      AC: 21    Str:  6    XL:     3   Next: 68%
Magic:  5/6        EV:  2    Int: 21    God:
Gold:   79         SH:  0    Dex: 10    Spells: 5/6 levels left

rFire    . . .     SeeInvis .   (no weapon)
rCold    . . .     Faith    .   e - +0 kite shield
rNeg     + + +     Spirit   .   (helmet currently unavailable)
rPois    +         Reflect  .   (no amulet)
rElec    .         Harm     .   (no ring)
rCorr    .         Rampage  .   (no ring)
Will     .....     NoTele   +   (no ring)
Stlth    +.........             (no ring)
HPRegen  0.11/turn              (no ring)
MPRegen  0.10/turn              (no ring)
                                (no ring)
                                (no ring)

@: confused, tree-form
A: stationary, stasis, torment immunity, boosted hp, almost no armour,
(amphibious), 8 rings, (camouflage 1), (gelatinous body 1), (nimble swimmer 1),
(tentacles)
a: no special abilities


You were on level 3 of the Dungeon.
You were a tree.
You visited 1 branch of the dungeon, and saw 3 of its levels.

You collected 79 gold pieces.

Inventory:

Armour
 e - a +0 kite shield (worn)
Scrolls
 d - a scroll of fear
Potions
 c - a potion of flight {unknown}
 f - a potion of brilliance {unknown}


   Skills:
 + Level 1.1 Fighting
 + Level 2.5 Dodging
 + Level 3.3 Stealth
 + Level 0.4 Shields
 + Level 2.3 Spellcasting
 + Level 4.2 Conjurations


You had 5 spell levels left.
You knew the following spells:

 Your Spells              Type           Power      Damage    Failure   Level
a - Magic Dart            Conj           80%        1d7       16%         1

Your spell library contained the following spells:

 Spells                   Type           Power      Damage    Failure   Level
 Searing Ray              Conj           40%        3d4       24%         2
 Dazzling Flash           Conj/Hex       22%        N/A       75%         3
 Fulminant Prism          Conj/Hex       5%         3d7       98%         4
 Iskenderun's Mystic Bla  Conj/Tloc      11%        2d4       98%         4


Dungeon Overview and Level Annotations

Branches:
Dungeon (2/15)

Altars:


Innate Abilities, Weirdness & Mutations

You are a tree.
Your roots penetrate the ground, keeping you stationary.
You cannot be teleported.
You are immune to unholy pain and torment.
Your maximum health is greatly increased.
You cannot wear most types of armour.
((You are amphibious.))
You can wear up to eight rings at the same time.
((Your skin changes colour to match your surroundings (Stealth+).))
((Your rubbery body absorbs attacks. (AC +1, EV +1)))
((You are camouflaged near water. (Stealth+)))
((You have tentacles for arms and can constrict up to eight enemies at once.))


Message History

The orc wizard hits you with a +0 dagger.
The orc hits you but does no damage. The orc hits you with a +0 club.
The orc priest looks braver for a moment.
The orc priest hits you with a +0 whip.
* * * LOW HITPOINT WARNING * * *
You swing at nothing.
The orc wizard gestures wildly while chanting.
The orc wizard flickers and vanishes!
Deactivating autopickup; reactivate with Ctrl-A.
The orc hits you but does no damage. x2; The orc priest barely misses you.
The orc priest hits you but does no damage.
You barely miss the orc priest.
The orc priest is heavily wounded.
You hear some strange, mumbled words.
You are more confused.
The orc hits you but does no damage. x2
The orc priest hits you but does no damage. x2
You hear some strange, mumbled words.
A magic dart appears from out of thin air!
The magic dart hits you!
* * * LOW HITPOINT WARNING * * *
The orc hits you but does no damage.
You feel much better. The orc barely misses you.
The orc priest completely misses you.
The orc priest hits you but does no damage.
Something hits you but does no damage. The orc hits you but does no damage.
You hit the orc priest.
The orc priest is almost dead.
The orc hits you but does no damage.
The orc priest mumbles some strange prayers to Beogh against you.
Beogh smites you!
* * * LOW HITPOINT WARNING * * *
The orc priest hits you but does no damage.
Something hits you but does no damage. The orc hits you but does no damage.
The orc priest hits you with a +0 whip.
* * * LOW HITPOINT WARNING * * *
The orc barely misses you.
The orc priest mumbles some strange prayers to Beogh against you.
Beogh smites you!
You die...

# #.
####.#####
#........#
#........#
......oo.#
#.....{♣.#
#.....oo.#
####.#####
#


You could see 2 orc priests and 2 orcs.

Vanquished Creatures
  An adder (D:2)
  A worm (D:2)
  A dart slug (D:1)
  6 ball pythons (D:1)
  2 bats
  3 giant cockroaches
  2 goblins (D:1)
  2 hobgoblins
  2 kobolds (D:2)
  A quokka (D:1)
  2 frilled lizards (D:1)
  9 rats
32 creatures vanquished.

Notes
Turn   | Place    | Note
-------+----------+-------------------------------------------
     0 | D:1      | ZARRMARR the Octopode Conjurer began the quest for the Orb.
     0 | D:1      | Reached XP level 1. HP: 11/11 MP: 3/3
   221 | D:1      | Reached XP level 2. HP: 18/18 MP: 3/5
   973 | D:1      | Reached XP level 3. HP: 22/22 MP: 3/6
  1208 | D:2      | Found a faded altar of an unknown god.
  1304 | D:2      | Reached skill level 1 in Fighting
  1521 | D:2      | You fall into a shaft and drop 1 floor!
  1533 | D:3      | Killed from afar by an orc priest

Illustrated notes

Levels and vault maps discovered:
D:1:      roderic_dead_forest, layout_basic, grunt_decor_fettered,
          minmay_box_of_dots
D:2:      layout_basic, chequers_ecumenical_altar_simple_redux, basic_altar
D:3:      layout_rooms

Skill      XL: |  1  2  3 |
---------------+----------+-----
Stealth        | 3 |  3.3
Fighting       | 1 |  1.1
Dodging        | |  2.5
Shields        | |  0.4
Spellcasting   | |  2.3
Conjurations   | |  4.2

Action                   || total
-------------------------++-------
Melee: Unarmed           ||    38
       Constrict         ||     5
       Tentacles         ||     1
 Cast: Magic Dart        ||    52
  Use: Scroll            ||     3
       Potion            ||     2
Armor: Skin              ||    28
Dodge: Dodged            ||    16
Block: Kite shield       ||     9
